 Dungeon Crawl Stone Soup version 0.18.1-8-gdd0e5ea (webtiles) character file.

220 M4edhros the Insei (level 5, 0/31 HPs)
             Began as an Octopode Necromancer on June 7, 2016.
             Slain by an orc wizard
             ... wielding a +1 dagger of pain
              (4 damage)
             ... on level 3 of the Dungeon.
             The game lasted 00:08:38 (1563 turns).

M4edhros the Insei (Octopode Necromancer)           Turns: 1563, Time: 00:08:39

Health: 0/31       AC:  1    Str:  7    XL:     5   Next: 97%
Magic:  8/8        EV:  7    Int: 18    God:
Gold:   87         SH:  0    Dex: 13    Spells: 3 memorised, 3 levels left

rFire  + . .     SeeInvis .     h - +11 club
rCold  . . .     Gourm    .     (no shield)
rNeg   . . .     Faith    .     (helmet restricted)
rPois  .         Spirit   .     (no amulet)
rElec  .         Dismiss  .     k - ring of protection from fire
rCorr  .         Reflect  .     (no ring)
SustAt .         Harm     .     (no ring)
MR     .....                    (no ring)
Stlth  ++++......               (no ring)
                                (no ring)
                                (no ring)
                                (no ring)

@: not resistant to hostile enchantments, stealthy
A: almost no armour, amphibious, 8 rings, constrict 8, camouflage 1, gelatinous
body 1
a: no special abilities


You were on level 3 of the Dungeon.
You were not hungry.

You visited 1 branch of the dungeon, and saw 4 of its levels.

You collected 87 gold pieces.

Inventory:

Hand Weapons
 h - a +11 club (weapon)
Jewellery
 k - a ring of protection from fire (left tentacle)
Wands
 g - a wand of random effects (31/48)
Scrolls
 d - 2 scrolls of teleportation
 e - 3 scrolls of enchant armour
 f - a scroll of remove curse
 l - a scroll of magic mapping {unknown}
Books
 a - a book of Necromancy

   Spells                             Type                      Level
   a - Pain                           Necromancy                   1
   b - Animate Skeleton               Necromancy                   1
   c - Vampiric Draining              Necromancy                   3
   d - Regeneration                   Charms/Necromancy            3
   e - Animate Dead                   Necromancy                   4
   f - Control Undead                 Necromancy                   4
Comestibles
 b - 4 bread rations
 c - a meat ration
 i - 2 slices of pizza
 j - 3 chunks of flesh


   Skills:
 + Level 1.2 Maces & Flails
 - Level 2.0 Dodging
 * Level 3.5 Stealth
 - Level 5.0 Unarmed Combat
 - Level 2.0 Spellcasting
 - Level 4.0 Necromancy


You had 3 spell levels left.
You knew the following spells:

 Your Spells              Type           Power        Failure   Level  Hunger
a - Pain                  Necr           ###.         3%          1    #......
b - Animate Skeleton      Necr           N/A          3%          1    #......
r - Regeneration          Chrm/Necr      #.........   24%         3    ###....


Dungeon Overview and Level Annotations

Branches:
Dungeon (4/15)
 Temple: D:4-7

Altars:
Dithmenos


Innate Abilities, Weirdness & Mutations

You cannot wear most types of armour.
You are amphibious.
You can wear up to eight rings at the same time.
You can use your tentacles to constrict eight enemies at once.
Your skin changes colour to match your surroundings (Stealth).
Your rubbery body absorbs attacks (AC +1).


Message History

Something hits your goblin skeleton. What do you say? t - Shout!
Orders for allies: a - Attack new target. r - Retreat! s - Stop attacking. w - Wait here. f - Follow me.
Anything else - Stay silent.
Wait here!
Something hits your goblin skeleton.
Your goblin skeleton hits something but does no damage.
You hear some strange, mumbled words.
A puff of frost appears from out of thin air!
The puff of frost hits you!
* * * LOW HITPOINT WARNING * * *
You aren't carrying any potions.
There is a stone staircase leading up here.
Something hits you.
* * * LOW HITPOINT WARNING * * *
Something barely misses your goblin skeleton.
Something hits you.
You die...

######....#
#.#'#####.#
.......†..#
#....#
#######...#
#....# #...#
#....# #...#
#..>.# #...#
#.#### #...#
#. ######...#
#. .......@.#
## ######...#
#.......†#
#.#####..#
#......Z.#
#########.###
..)..{)†....#
##########.#.#
..# ..#.#


You could see a friendly goblin skeleton (wandering).

Vanquished Creatures
  An orc wizard (D:3)
  A giant frog skeleton (D:4)
  Jessica (D:2)
  Terence (D:2)
  4 adders
  2 oozes (D:2)
  2 worms
  2 dart slugs
  A giant gecko (D:3)
  5 orcs
  3 giant cockroaches
  6 hobgoblins
  A quokka (D:3)
  A ball python skeleton (D:4)
  4 bats
  7 giant newts
  2 goblins
  7 kobolds
  11 rats
62 creatures vanquished.

Vanquished Creatures (collateral kills)
  A bat (D:2)
  A giant cockroach (D:2)
  2 goblins
4 creatures vanquished.

Grand Total: 66 creatures vanquished

Notes
Turn   | Place    | Note
--------------------------------------------------------------
     0 | D:1      | M4edhros the Octopode Necromancer began the quest for the Orb.
     0 | D:1      | Reached XP level 1. HP: 11/11 MP: 3/3
    37 | D:1      | Reached skill level 1 in Unarmed Combat
   141 | D:1      | Reached XP level 2. HP: 11/17 MP: 5/5
   342 | D:1      | Reached skill level 2 in Unarmed Combat
   592 | D:2      | Reached XP level 3. HP: 4/21 MP: 0/6
   595 | D:2      | Learned a level 1 spell: Animate Skeleton
   599 | D:2      | Learned a level 3 spell: Regeneration
   811 | D:4      | Reached skill level 3 in Unarmed Combat
   811 | D:4      | Reached XP level 4. HP: 19/27 MP: 3/7
   832 | D:4      | Noticed an orc warrior
   989 | D:2      | Noticed Terence
  1080 | D:2      | Killed Terence
  1080 | D:2      | Reached skill level 4 in Unarmed Combat
  1142 | D:2      | Found a shadowy altar of Dithmenos.
  1156 | D:2      | Noticed Jessica
  1205 | D:2      | Reached XP level 5. HP: 21/31 MP: 3/8
  1282 | D:2      | Killed Jessica
  1363 | D:2      | Reached skill level 5 in Unarmed Combat
  1554 | D:3      | Reached skill level 1 in Maces & Flails
  1563 | D:3      | Slain by an orc wizard

Skill      XL: |  1  2  3  4  5 |
---------------+----------------+-----
Unarmed Combat | 1 2 3 4 5 |  5.0
Stealth        | 3 |  3.5
Maces & Flails | 1 |  1.2
Dodging        | |  2.0
Spellcasting   | |  2.0
Necromancy     | |  4.0

Action                   |  1- 3 |  4- 6 || total
-------------------------+-------+-------++-------
Melee: Unarmed           |    59 |    48 ||   107
       Constrict         |    16 |    17 ||    33
       Tentacles         |     7 |    11 ||    18
       Punch             |     1 |     2 ||     3
       Club              |       |    35 ||    35
 Cast: Pain              |     9 |     3 ||    12
       Regeneration      |     2 |     9 ||    11
       Animate Skeleton  |       |    10 ||    10
  Use: Scroll            |       |     6 ||     6
       Potion            |       |     4 ||     4
 Stab: Sleeping          |    14 |     4 ||    18
  Eat: Chunk             |       |     6 ||     6
Armor: Skin              |     6 |     6 ||    12
Dodge: Dodged            |    27 |    48 ||    75
